 Dungeon Crawl Stone Soup version 0.22-a0-192-g6ffc940 (webtiles) character file.

5 4thArraOfDagon the Charlatan (level 1, 0/9 HPs)
             Began as a Felid Wanderer on Feb 16, 2018.
             Killed from afar by a dart slug (4 damage)
             ... with a slug dart
             ... on level 5 of the Dungeon.
             The game lasted 00:02:09 (396 turns).

4thArraOfDagon the Charlatan (Felid Wanderer)        Turns: 396, Time: 00:02:11

Health: 0/9        AC:  1    Str:  7    XL:     1   Next: 66%
Magic:  3/3        EV: 16    Int: 15    God:
Gold:   46         SH:  0    Dex: 14    Spells: 2/2 levels left
                                        Lives:  0   Deaths: 0

rFire    . . .     SeeInvis +     - Unarmed
rCold    . . .     Gourm    .   (shield unavailable)
rNeg     . . .     Faith    .   (armour unavailable)
rPois    .         Spirit   .   (helmet unavailable)
rElec    .         Reflect  .   (cloak unavailable)
rCorr    .         Harm     .   (gloves unavailable)
MR       .....                  (boots unavailable)
Stlth    ++........             (no amulet)
HPRegen  0.03/turn              (no ring)
MPRegen  0.08/turn              (no ring)

@: quick
A: very small, no armour, no weapons or thrown items, stealth, claws 1, fangs 3,
see invisible, carnivore, speed 1, shaggy fur 1, slow metabolism 1, sharp paws
a: no special abilities


You were on level 5 of the Dungeon.
You were very full.

You visited 1 branch of the dungeon, and saw 5 of its levels.

You collected 46 gold pieces.

Inventory:

Wands
 a - a wand of random effects (12)
Potions
 e - a potion of berserk rage {unknown}
 f - a potion of agility
 j - a potion of lignification {unknown}
Comestibles
 b - 6 rations


   Skills:
 - Level 2.0 Fighting
 + Level 0.8 Dodging
 - Level 1.3 Stealth
 * Level 1.0 Unarmed Combat
 - Level 1.0 Spellcasting
   Level 2.0 Summonings
   Level 1.7 Fire Magic
 - Level 2.1 Evocations


You had 2 spell levels left.
You didn't know any spells.

Dungeon Overview and Level Annotations

Branches:
Dungeon (6/15)
 Temple: D:4-7

Altars:
Fedhas


Innate Abilities, Weirdness & Mutations

You cannot wear armour.
You are incapable of wielding weapons or throwing items.
Your paws allow you to move quietly. (Stealth)
You have sharp claws.
You have razor-sharp teeth.
You have supernaturally acute eyesight. (SInv)
You are carnivorous and can eat meat at any time.
You cover ground quickly.
You are covered in fur. (AC +1)
You have a slow metabolism.
Your sharp claws are effective at attacking unaware monsters.


Message History

It is a scroll of identify.
f - a potion of agility A dart slug comes into view.
Unknown command.
Unknown command.
Unknown command.
Unknown command.
Unknown command.
The dart slug barely misses you.
You scratch the dart slug but do no damage.
You bite the dart slug, but do no damage.
You scratch the dart slug.
The dart slug is moderately wounded.
The dart slug launches a dart at you. The slug dart hits you!
You scratch the dart slug but do no damage.
The dart slug is moderately wounded.
The dart slug launches a dart at you. The slug dart hits you!
You die...

#.#######.
######.# ##
##.#....# #
##......## #
##.....#.# #
#........## #
..######........#
.......##...##..#
.......@........#
......w..#.#.....
........####+#####
..####..# . ..##
###


You could see a dart slug.

Vanquished Creatures
  2 goblins (D:1)
  A hobgoblin (D:1)
  2 bats (D:1)
5 creatures vanquished.

Notes
Turn   | Place    | Note
-------+----------+-------------------------------------------
     0 | D:1      | 4thArraOfDagon the Felid Wanderer began the quest for the Orb.
     0 | D:1      | 4thArraOfDagon set off with: a wand of random effects (15), a ration
     0 | D:1      | Reached XP level 1. HP: 9/9 MP: 3/3
   273 | D:1      | Reached skill level 1 in Unarmed Combat
   285 | D:2      | Found a blossoming altar of Fedhas.
   344 | D:3      | You fall through a shaft for 3 floors!
   349 | D:6      | Noticed a sky beast
   351 | D:6      | Noticed a howler monkey
   357 | D:5      | Entered Level 5 of the Dungeon
   396 | D:5      | Killed from afar by a dart slug

Vault maps used:
D:1:      dpeg_arrival_triangle_fractal, corexii_item_surrounded_by_moat
D:2:      fedhas_altar_1, uniq_natasha
D:3:      uniq_jessica
D:5:      temple_green, first_ration, serial_shops, shop, st_stairs_6

Skill      XL: |  1 |
---------------+----+-----
Unarmed Combat | 1 |  1.0
Fighting       | |  2.0
Dodging        | |  0.8
Stealth        | |  1.3
Spellcasting   | |  1.0
Summonings     | |  2.0
Fire Magic     | |  1.7
Evocations     | |  2.1

Action                   || total
-------------------------++-------
Melee: Unarmed           ||    26
       Bite              ||     2
Evoke: Wand              ||     3
  Use: Scroll            ||     6
 Stab: Sleeping          ||     2
  Eat: Chunk             ||     5
Armor: Skin              ||     7
Dodge: Dodged            ||    21

Table legend:
 A = Spawn XP
 B = Non-spawn XP
 C = Spawn XP percentage of total XP
 D = Spawn monster count
 E = Non-spawn monster count
 F = Spawn count percentage of total count
 G = Total turns spent on level
                    A         B        C        D         E        F      G
               +---------+---------+-------+---------+---------+-------+---------
         Total |       0 |       8 |   0.0 |       0 |       5 |   0.0 |   396
               +---------+---------+-------+---------+---------+-------+---------
           D:1 |       0 |       8 |   0.0 |       0 |       5 |   0.0 |   264
               +---------+---------+-------+---------+---------+-------+---------
